 Dungeon Crawl Stone Soup version 0.17.0-28-g6e173f8 (webtiles) character file.

103 4thArraOfDagon the Chopper (level 4, -1/60 HPs)
             Began as a Minotaur Berserker on Nov 22, 2015.
             Was a Follower of Trog.
             Slain by a yak (12 damage)
             ... on level 6 of the Dungeon.
             The game lasted 00:01:45 (326 turns).

4thArraOfDagon the Chopper (Minotaur Berserker)      Turns: 326, Time: 00:01:45

Health: -1/60      AC:  5    Str: 26    XL:     4   Next: 51%
Magic:  3/3        EV: 11    Int:  9    God:    Trog [*.....]
Gold:   42         SH:  0    Dex: 10    Spells: 0 memorised, 3 levels left

rFire  . . .     SeeInvis .     a - +0 hand axe
rCold  . . .     Clarity  .     e - +0 ring mail
rNeg   . . .     SustAt   .     (no shield)
rPois  .         Gourm    .     (helmet restricted)
rElec  .         Spirit   .     (no cloak)
rCorr  .         Warding  .     (no gloves)
rMut   .         Stasis   .     (no boots)
MR     .....                    (no amulet)
Stlth  ..........               (no ring)
                                g - +4 ring of intelligence

@: berserking (expiring), very quick, not resistant to hostile enchantments,
extremely unstealthy
A: retaliatory headbutt, horns 2
a: Berserk, Burn Spellbooks, Renounce Religion


You were on level 6 of the Dungeon.
You worshipped Trog.
Trog was aware of your devotion.
You were hungry.

You visited 1 branch of the dungeon, and saw 6 of its levels.

You collected 42 gold pieces.

Inventory:

Hand Weapons
 a - a +0 hand axe (weapon)
Armour
 e - a +0 ring mail (worn)
 i - a +0 scale mail
 k - the +1 ring mail "Vithreu" {Int+4, unknown}
   (You found it on level 6 of the Dungeon)

   It affects your intelligence (+4).
Jewellery
 g - a +4 ring of intelligence (left hand)
Wands
 h - a wand of flame (7)
Scrolls
 b - a scroll of teleportation {unknown}
 d - a scroll of amnesia {unknown}
 f - a scroll of immolation {unknown}
 j - a scroll of remove curse {unknown}
Comestibles
 c - 2 bread rations


   Skills:
 + Level 4.2 Fighting
 * Level 5.5 Axes
 + Level 3.4 Armour
 - Level 2.1 Dodging


You had 3 spell levels left.
You didn't know any spells.

Dungeon Overview and Level Annotations

Branches:
Dungeon (6/15)
 Temple: D:4-7

Altars:

Annotations:
D:3 Natasha
D:6 Edmund


Innate Abilities, Weirdness & Mutations

You reflexively headbutt those who attack you in melee.
You have a pair of horns on your head.


Message History

Edmund is heavily wounded.
You closely miss the yak.
The yak is lightly wounded.
Edmund closely misses you.
Unknown command.
You barely miss Edmund.
Edmund is heavily wounded.
You hit the yak.
The yak is moderately wounded.
You miss the butterfly. The yak gores you.
* * * LOW HITPOINT WARNING * * *
Edmund hits you with a dire flail of protection.
* * * LOW HITPOINT WARNING * * *
Unknown command.
You closely miss Edmund.
Edmund is heavily wounded.
You barely miss the yak.
The yak is moderately wounded.
You closely miss the butterfly. The yak gores you!
You die...

.#.Y.#####................
.###.....#.............#
....####.#.........#...# #
###. #.#...........?.#.##
#. #.........###......# #.
###.####........$.... ..
#.#................ ..
......@.Y....!....# ..
...###..@.b!.......#
.....................
...##..........b..$.##
...# ####............#
#... ...#######...# ..#.
... ..### ...


You could see Edmund (berserk) and a yak.

Vanquished Creatures
  A crimson imp (D:6)
  A worker ant (D:5)
  A hound skeleton (D:5)
  2 adders (D:2)
  A worm (D:2)
  A bat (D:3)
  A giant cockroach (D:5)
  3 hobgoblins
  A kobold (D:2)
  2 rats
  A butterfly (D:6)
15 creatures vanquished.

Notes
Turn   | Place    | Note
--------------------------------------------------------------
     0 | D:1      | 4thArraOfDagon the Minotaur Berserker began the quest for the Orb.
     0 | D:1      | Reached XP level 1. HP: 19/19 MP: 0/0
    61 | D:2      | Reached skill level 4 in Axes
    61 | D:2      | Reached XP level 2. HP: 24/27 MP: 1/1
   119 | D:3      | Reached XP level 3. HP: 33/33 MP: 2/2
   146 | D:3      | Noticed Natasha
   157 | D:5      | Entered Level 5 of the Dungeon
   162 | D:5      | Reached skill level 5 in Axes
   163 | D:5      | Reached XP level 4. HP: 40/40 MP: 3/3
   288 | D:6      | Noticed a yak
   289 | D:6      | Noticed a yak
   290 | D:6      | Noticed a yak
   309 | D:6      | Got a jewelled ring mail
   314 | D:6      | Noticed Edmund
   318 | D:6      | rly
   326 | D:6      | Slain by a yak

Action                   |  1- 3 |  4- 6 || total
-------------------------+-------+-------++-------
Melee: Hand axe          |    21 |    12 ||    33
Invok: Berserk           |     2 |     1 ||     3
